 Dungeon Crawl Stone Soup version 0.27.0-1-g7a089689b8 (webtiles) character file.

Game seed: 15693634508553159251

1966 dtburroughs the Chopper (level 9, -5/79 HPs)
             Began as a Minotaur Berserker on Aug 8, 2021.
             Was a Priest of Trog.
             Succumbed to a kobold brigand's curare-tipped dart
             ... on level 4 of the Dungeon.
             The game lasted 00:06:37 (5053 turns).

dtburroughs the Chopper (Minotaur Berserker)        Turns: 5053, Time: 00:06:38

Health: -5/79      AC: 10    Str: 22    XL:     9   Next: 0%
Magic:  8/8        EV:  9    Int:  7    God:    Trog [***...]
Gold:   247        SH:  5    Dex: 10    Spells: 8/8 levels left

rFire    . . .     SeeInvis .   n - +0 war axe
rCold    . . .     Faith    .   i - +0 buckler
rNeg     . . .     Spirit   .   m - +0 chain mail
rPois    .         Reflect  .   (helmet restricted)
rElec    .         Harm     .   (no cloak)
rCorr    .         Rampage  .   (no gloves)
Will     +....                  (no boots)
Stlth    ..........             (no amulet)
HPRegen  0.23/turn              g - ring of willpower
MPRegen  0.11/turn              (no ring)

@: lethally poisoned (-5 -> -26), slowed, very slow
A: horns 2, retaliatory headbutt
a: Renounce Religion, Berserk, Trog's Hand


You were on level 4 of the Dungeon.
You worshipped Trog.
Trog was most pleased with you.
You visited 1 branch of the dungeon, and saw 6 of its levels.
You also visited: Sewer.

You collected 247 gold pieces.

Inventory:

Hand Weapons
 a - a +0 hand axe
 n - a +0 war axe (weapon)
 p - a +3 dire flail
 q - a +4 flail
 r - a +3 hand axe of freezing
Missiles
 f - 3 throwing nets (quivered)
Armour
 b - a +0 animal skin
 i - a +0 buckler (worn)
 m - a +0 chain mail (worn)
Jewellery
 g - a ring of willpower (left hand)
 B - a ring of ice
Wands
 s - a wand of flame (16)
Scrolls
 c - 3 scrolls of identify
 k - a scroll of fear {unknown}
 l - a scroll of summoning {unknown}
 o - 3 scrolls of noise
 u - a scroll of teleportation {unknown}
 v - a scroll of enchant armour {unknown}
 y - a scroll of enchant weapon {unknown}
Potions
 d - a potion of might
 e - 3 potions of curing
 h - a potion of degeneration
 j - a potion of mutation {unknown}
 t - a potion of berserk rage {unknown}
 w - 2 potions of flight
 x - a potion of heal wounds
 z - a potion of haste {unknown}
 A - a potion of attraction {unknown}


   Skills:
 + Level 7.0 Fighting
 + Level 7.1 Axes
 + Level 6.5 Armour
 + Level 5.8 Dodging
 + Level 5.7 Shields
 + Level 2.5 Evocations


You had 8 spell levels left.
You didn't know any spells.
Your spell library was empty.

Dungeon Overview and Level Annotations

Branches:
Dungeon (6/15)             Temple (0/1) D:5           Sewer (visited)

Altars:
Cheibriados
Okawaru
Vehumet

Annotations:
D:5 exclusion: statue


Innate Abilities, Weirdness & Mutations

You have a pair of horns on your head.
You reflexively headbutt those who attack you in melee.


Message History

You are more poisoned.
You have difficulty breathing.
You feel yourself slow down.
A kobold comes into view. It is wielding a +0 short sword.
Found 27 gold pieces.
You feel very sick.
The kobold brigand throws a poisoned dart.
The poisoned dart hits you.
You are more poisoned.
You feel very sick.
You feel very sick.
There is an open door here.
You feel very sick.
There is an open door here.
You feel sick.
The kobold brigand throws a poisoned dart.
The poisoned dart hits you!
You are more poisoned.
The kobold brigand throws a poisoned dart.
The poisoned dart hits you!
You are more poisoned.
You feel extremely sick.
You feel very sick.
The kobold brigand throws a curare-tipped dart.
The curare-tipped dart hits you.
You are more poisoned.
You have difficulty breathing.
You feel as though you will be slow longer.
You feel extremely sick.
You feel very sick.
The kobold brigand throws a curare-tipped dart.
The curare-tipped dart hits you.
You are lethally poisoned!
You have difficulty breathing.
* * * LOW HITPOINT WARNING * * *
You feel as though you will be slow longer.
There is a stone staircase leading up here.
* * * LOW HITPOINT WARNING * * *
You feel extremely sick.
You climb upwards.
You die...

.# #####........#####.........#
.# #...'............#.........##
.# #.###............#.........#.
.# #.###........................
.# #.....##'#...............###.
.# #.....##.#...........#'#.# #.
.####.....##.#....)...##.#.#.###'
.'........##.#.............#...'_
.#####....##.##.@....>...###.###'
## #....##.####.....[<.....# #.
## #....##.##...)..######..###.
.# #.(..+(.....................
.# #....##..........####(.....#
.# #....#####........##......##
.#######......+........##......+>
....## ##...###.[......##......##
###..###....'..........#...######


There were no monsters in sight!

Vanquished Creatures
  Grinder (D:4)
  Sigmund (D:3)
  A steam dragon (D:6)
  An ice beast (D:5)
  An ogre (D:5)
  2 necrophages
  A phantom (D:4)
  A kobold brigand (Sewer)
  A bullfrog (D:6)
  4 scorpions
  5 wights (D:6)
  A bullfrog zombie (D:5)
  A jelly (D:4)
  A hound (D:5)
  2 orc priests
  A bullfrog skeleton (D:5)
  3 iguanas
  Natasha (twice) (D:4)
  An orc wizard (D:5)
  6 adders
  A river rat (Sewer)
  A worm (D:3)
  2 dart slugs
  10 orcs
  2 endoplasms
  2 giant cockroaches
  5 goblins
  5 hobgoblins
  4 jackals
  6 ball pythons
  5 bats
  8 kobolds
  9 rats
97 creatures vanquished.

Vanquished Creatures (others)
  5 toadstools (D:5)
5 creatures vanquished.

Grand Total: 102 creatures vanquished

Notes
Turn   | Place    | Note
-------+----------+-------------------------------------------
     0 | D:1      | dtburroughs the Minotaur Berserker began the quest for the
                  | Orb.
     0 | D:1      | Reached XP level 1. HP: 19/19 MP: 0/0
   806 | D:2      | Reached XP level 2. HP: 27/27 MP: 1/1
  1155 | D:2      | Reached skill level 1 in Shields
  1388 | D:2      | Found a faded altar of an unknown god.
  1420 | D:2      | Reached XP level 3. HP: 33/33 MP: 2/2
  1811 | D:3      | Reached ** piety under Trog
  1920 | D:3      | Reached XP level 4. HP: 34/40 MP: 3/3
  2045 | D:3      | You fall into a shaft and drop 3 floors!
  2046 | D:6      | Noticed a necrophage
  2050 | D:6      | Noticed a bullfrog
  2062 | D:6      | Killed a bullfrog
  2063 | D:6      | Reached XP level 5. HP: 43/47 MP: 4/4
  2080 | D:6      | Killed a necrophage
  2081 | D:6      | Reached skill level 5 in Axes
  2081 | D:6      | Reached XP level 6. HP: 15/55 MP: 5/5
  2092 | D:6      | Reached skill level 5 in Fighting
  2326 | D:6      | Noticed a steam dragon
  2334 | D:6      | Killed a steam dragon
  2335 | D:6      | Reached XP level 7. HP: 33/61 MP: 6/6
  2519 | D:5      | Entered Level 5 of the Dungeon
  2534 | D:5      | Found a staircase to the Ecumenical Temple.
  2549 | D:5      | Reached skill level 5 in Armour
  2736 | D:4      | Found a snail-covered altar of Cheibriados.
  2820 | D:4      | Noticed Grinder
  2834 | D:4      | Killed Grinder
  2835 | D:4      | Reached skill level 5 in Dodging
  2835 | D:4      | Reached XP level 8. HP: 70/70 MP: 7/7
  2911 | D:4      | Noticed Natasha
  2915 | D:4      | Killed Natasha
  3037 | D:4      | Reached skill level 1 in Evocations
  3041 | D:4      | Noticed Natasha
  3047 | D:4      | Killed Natasha
  3108 | D:4      | Found a glowing drain.
  3122 | Sewer    | Entered a sewer
  3219 | Sewer    | Reached skill level 5 in Shields
  3286 | Sewer    | Found a white marble altar of Elyvilon.
  3661 | D:3      | Noticed Sigmund
  3669 | D:3      | Killed Sigmund
  3765 | D:3      | Found an iron altar of Okawaru.
  4444 | D:5      | Reached *** piety under Trog
  4513 | D:5      | Found a radiant altar of Vehumet.
  4925 | D:5      | Reached XP level 9. HP: 77/79 MP: 8/8
  5053 | D:4      | Succumbed to a kobold brigand's curare-tipped dart

Illustrated notes

Levels and vault maps discovered:
D:1:      roderic_chinese_lattice_arrival, layout_basic
D:2:      layout_basic, hellmonk_ecumenical_altar_arch_garden
D:3:      layout_loops_ring, kennysheep_okawaru_gauntlet, uniq_sigmund
D:4:      layout_basic, lemuel_doored_altar, portal_sewer_entry_d,
          minmay_circle_x, uniq_grinder, uniq_natasha
D:5:      cheibrodos_fertilizer, layout_gridville, vehumet_statue,
          temple_fountains
D:6:      layout_loops_ring, tso_oasis_becter, mainiacjoe_overflow_chevrons,
          kennysheep_vampire_church, amcnicky_mini_corridor_feature,
          minmay_misc_feat_five, uniq_duvessa, uniq_pikel

Skill      XL: |  1  2  3  4  5  6  7  8 |
---------------+-------------------------+-----
Shields        | 1 2 3 4 5 |  5.7
Axes           | 4 5 6 7 |  7.1
Fighting       | 4 5 6 7 |  7.0
Armour         | 3 4 5 6 |  6.5
Dodging        | 3 4 5 |  5.8
Evocations     | 2 |  2.5

Action                   |  1- 3 |  4- 6 |  7- 9 || total
-------------------------+-------+-------+-------++-------
Melee: Hand axe          |    50 |       |       ||    50
       Headbutt          |     6 |    10 |    31 ||    47
       War axe           |    13 |    46 |   131 ||   190
Invok: Trog's Hand       |     1 |     1 |     2 ||     4
       Berserk           |       |     2 |     3 ||     5
  Use: Potion            |       |     1 |       ||     1
       Scroll            |       |       |     3 ||     3
 Stab: Sleeping          |     2 |       |       ||     2
Armor: Animal skin       |    26 |       |       ||    26
       Chain mail        |    11 |    19 |    73 ||   103
Dodge: Dodged            |    49 |    24 |    55 ||   128
Block: Buckler           |    14 |    13 |    31 ||    58
